 Dungeon Crawl Stone Soup version 0.20-a0-71-g11d6418 (webtiles) character file.

84070 KristoblXynda the Fencer (level 15, -27/115 HPs)
             Began as a White Draconian Monk on Nov 18, 2016.
             Was the Champion of Cheibriados.
             Killed from afar by an orc warrior (48 damage)
             ... with an exploding inner flame
             ... hexed by the player character
             ... on level 2 of the Orcish Mines.
             The game lasted 00:58:06 (21729 turns).

KristoblXynda the Fencer (White Draconian Monk)    Turns: 21729, Time: 00:58:07

Health: -27/115    AC: 19    Str: 31    XL:     15   Next: 34%
Magic:  23/23      EV: 26    Int: 30    God:    Cheibriados [******]
Gold:   2127       SH: 15    Dex: 28    Spells: 2 memorised, 19 levels left

rFire  . . .     SeeInvis .     B - +5 long sword (elec)
rCold  + . .     Gourm    .     (armour unavailable)
rNeg   . . .     Faith    .     F - +2 buckler
rPois  +         Spirit   .     E - +1 hat
rElec  .         Reflect  +     L - +2 cloak
rCorr  .         Harm     .     i - +2 pair of gloves {archery}
MR     +....     Rnd*Tele +     q - +2 pair of boots
Stlth  ++++......               r - +5 amulet of reflection
                                m - +4 ring of evasion
                                p - +3 ring of slaying

@: repel missiles, very slow
A: breathe frost, unfitting armour, antennae 1, hooves 1, camouflage 1, blink,
cold resistance 1, poison resistance, teleportitis 1, cold-blooded, AC +9
a: Breathe Frost, Blink, Bend Time, Temporal Distortion, Slouch, Step From Time,
Renounce Religion


You were on level 2 of the Orcish Mines.
You worshipped Cheibriados.
Cheibriados was exalted by your worship.
You were not hungry.

You visited 5 branches of the dungeon, and saw 25 of its levels.
You also visited: Labyrinth.

You collected 2393 gold pieces.
You spent 266 gold pieces at shops.

Inventory:

Hand Weapons
 B - a +5 long sword of electrocution (weapon)
Missiles
 h - 15 javelins (quivered)
 D - 2 throwing nets
Armour
 i - a +2 pair of gloves of archery (worn)
 q - a +2 pair of boots (worn)
 E - a +1 hat (worn)
 F - a +2 buckler (worn)
 L - a +2 cloak (worn)
Jewellery
 m - a +4 ring of evasion (right hand)
 p - a +3 ring of slaying (left hand)
 r - a +5 amulet of reflection (around neck)
Wands
 G - a wand of iceblast (12/15)
 H - a wand of teleportation (1/9)
Scrolls
 g - 3 scrolls of magic mapping
 j - a scroll of enchant armour
 k - 3 scrolls of recharging
 o - 3 scrolls of amnesia
 s - a scroll of immolation
 v - a scroll of fog
 w - a scroll of remove curse
 y - a scroll of fear
 Q - a scroll of teleportation
Potions
 a - a potion of cancellation
 c - a potion of agility
 d - a potion of cure mutation {unknown}
 e - 3 potions of curing
 n - 2 potions of might
 t - a potion of beneficial mutation {unknown}
 x - 2 potions of magic
Miscellaneous
 P - a box of beasts
Comestibles
 b - 17 bread rations
 f - 5 royal jellies
 l - a beef jerky
 u - a slice of pizza
 z - 10 fruits
 K - 5 meat rations


   Skills:
 - Level 6.1 Fighting
 + Level 16.9 Long Blades
 - Level 10.2 Throwing
 - Level 9.1 Dodging
 - Level 1.7 Stealth
 - Level 8.5 Shields
 - Level 4.6 Spellcasting
 - Level 5.0 Charms
 - Level 3.1 Translocations
 - Level 4.4 Air Magic
 + Level 7.5 Invocations
 + Level 11.4 Evocations


You had 19 spell levels left.
You knew the following spells:

 Your Spells              Type           Power        Failure   Level  Hunger
a - Blink                 Tloc           N/A          2%          2    None
b - Repel Missiles        Chrm/Air       #####.       1%          2    None


Dungeon Overview and Level Annotations

Branches:
Dungeon (15/15)            Temple (1/1) D:7            Lair (6/6) D:11
 Shoals (0/4) Lair:3        Snake (0/4) Lair:2        Slime (0/5) Lair:6
    Orc (2/2) D:11            Elf (0/3) Orc:2        Vaults (0/5) D:13
 Depths (1/5) D:15

Altars:
Ashenzari
Cheibriados
Dithmenos
Elyvilon
Fedhas
Gozag
Hepliaklqana
Kikubaaqudgha
Makhleb
Nemelex Xobeh
Okawaru
Qazlal
Ru
Sif Muna
Trog
Uskayaw
Vehumet
Xom
Yredelemnul
Zin
The Shining One

Shops:
D:7 (   D:10 (

Annotations:
Lair:5 exclusion: 3 oklob plants


Innate Abilities, Weirdness & Mutations

You can breathe waves of freezing cold.
You can buffet flying creatures when you breathe cold.
Your icy white scales are hard. (AC +9)
You cannot fit into any form of body armour.
Your flesh is cold resistant. (rC+)
You are cold-blooded and may be slowed by cold attacks.
You have a pair of small antennae on your head.
You have large cloven feet.
Your skin changes colour to match your surroundings (Stealth+).
You can translocate small distances at will.
Your system is resistant to poisons. (rPois)
You are occasionally teleported next to monsters.


Message History

Beogh smites you! The hellwing completely misses you.
You block the hellwing's attack. The orc misses you. x2; You riposte.
The orc wizard shouts!
You slash the orc!
The orc explodes!
The fiery explosion engulfs the orc.
The orc explodes!
The fiery explosion engulfs the chaos spawn.
You kill the chaos spawn!
The chaos spawn degenerates into a cloud of primal chaos!
The fiery explosion engulfs you!
The fiery explosion engulfs the hellwing.
The hellwing is moderately wounded.
Cheibriados appreciates the change of pace.
The fiery explosion engulfs you!
* * * LOW HITPOINT WARNING * * *
The fiery explosion engulfs the orc warrior.
The orc warrior explodes!
The fiery explosion engulfs you!
You die...

........########.####........#.#)
.. #..#....................#....
#.# #....##########........#.....
#..##..### { { ##........))).#
......## #..#....##)### ...#..#{
{####......#.(.# ...#.##{
##+###+##8.#..........# .....#
.o.oo§§§§§.'.8......(## .....#
3o548§§@§§.'.......### .....#{
o.o34§4§§§.'.8...... .....##{
##o###+##8.#..#.... #.#...#{
{####.#...... ####..## #......#..
##..### { { ##.#...##
##...##########.......$$
###............#..#.##.#
#############...### .


You could see an orc warlord (inner flame), an orc knight, 2 orc high priests,
an orange demon, a hellwing, a rust devil, a smoke demon, a neqoxec, an orc
warrior (inner flame), an orc wizard, a white imp and an orc (inner flame).

Vanquished Creatures
  An orc warlord (Orc:1)
  The ghost of Graouh the Fencer, a journeyman MiFi of Okawaru (D:15)
  Nessos (Lair:6)
  Snorg (D:11)
  Erolcha (D:9)
  A great orb of eyes (Depths:1)
  A minotaur (Lab)
  A rakshasa (D:15)
  3 hydras
  5 vault guards (D:13)
  6 death yaks
  4 centaur warriors
  A death knight (D:11)
  The ghost of dvd the Thaumaturge, a journeyman FeSu of Sif Muna (D:14)
  A tengu warrior (D:15)
  2 ogre magi
  Nergalle (Lair:3)
  An unseen horror (D:13)
  5 hill giants
  2 orc knights
  5 deep elf magi
  2 cyclopes
  3 orc sorcerers (Orc:2)
  5 ugly things
  2 manticores
  2 centaur zombies
  The ghost of anet the Magician, a novice DEWz (D:5)
  Joseph (D:7)
  6 black mambas
  A gargoyle (D:12)
  20 spiny frogs
  A freezing wraith (D:11)
  6 komodo dragons
  The ghost of Gruesome the Covert, a novice OpAs (D:4)
  4 rime drakes
  A redback zombie (D:13)
  8 trolls
  2 tengu conjurers
  5 polar bears (Lair:3)
  A wind drake (shapeshifter) (D:15)
  3 two-headed ogres
  A queen bee (D:9)
  A hornet (D:15)
  4 tyrant leeches (Lair:6)
  17 blink frogs
  4 slime creatures (D:15)
  A meliai zombie (D:15)
  A wolf spider simulacrum (D:15)
  9 hippogriffs
  5 dream sheep (Lair:6)
  A spriggan (shapeshifter) (D:15)
  A shadow (D:14)
  2 vampires
  3 wraiths
  2 wyverns
  Eustachio (D:4)
  45 yaks
  2 humans (D:13)
  10 vampire mosquitoes
  Menkaure (D:5)
  3 wargs
  A soldier ant (shapeshifter) (D:15)
  13 water moccasins
  8 porcupines
  2 black bears (D:13)
  Duvessa (D:4)
  19 orc warriors
  2 sky beasts
  An eye of draining (D:13)
  6 ice beasts
  An eye of draining (shapeshifter) (D:15)
  11 wolves
  2 necrophages
  3 boggarts (D:15)
  10 ogres
  20 centaurs
  11 crocodiles
  A big kobold (shapeshifter) (D:15)
  31 bullfrogs
  2 big kobolds
  A water moccasin zombie (D:11)
  A wyvern skeleton (D:14)
  5 scorpions
  Dowan (D:4)
  16 killer bees
  8 howler monkeys
  An electric eel (D:7)
  A bullfrog zombie (D:9)
  7 crimson imps
  8 hounds
  2 quasits
  17 orc priests
  3 jellies
  4 centaur skeletons
  20 orc wizards
  A gnoll shaman (D:8)
  5 iguanas
  7 worker ants
  A hound zombie (D:8)
  5 gnolls
  A howler monkey zombie (D:9)
  A howler monkey skeleton (D:7)
  10 adders
  3 shadow imps
  3 adder skeletons
  2 worms (D:3)
  4 leopard geckos
  71 orcs
  7 giant cockroaches
  6 goblins
  7 hobgoblins
  13 jackals
  4 quokkas
  7 bats
  4 frilled lizards
  17 kobolds
  A quokka zombie (D:9)
  5 rats
659 creatures vanquished.

Vanquished Creatures (collateral kills)
  A hydra (Lair:6)
  A spiny frog (Lair:6)
  A blink frog (Lair:6)
  A yak (Lair:5)
  A bullfrog (Lair:6)
5 creatures vanquished.

Vanquished Creatures (others)
  A yaktaur (D:13)
  A gnoll (D:8)
  An orc (Orc:2)
  22 fungi
  43 plants
68 creatures vanquished.

Grand Total: 732 creatures vanquished

Notes
Turn   | Place    | Note
-------+----------+-------------------------------------------
     0 | D:1      | KristoblXynda the Draconian Monk began the quest for the Orb.
     0 | D:1      | Reached XP level 1. HP: 19/19 MP: 1/1
   200 | D:1      | Reached XP level 2. HP: 26/26 MP: 2/2
   469 | D:1      | Reached skill level 1 in Throwing
   941 | D:2      | Reached XP level 3. HP: 31/31 MP: 3/3
  1254 | D:2      | Found a shimmering altar of Xom.
  1260 | D:2      | Found a shimmering altar of Xom.
  1270 | D:2      | Found a shimmering altar of Xom.
  1383 | D:2      | Found a blossoming altar of Fedhas.
  1635 | D:3      | Found a stormy altar of Qazlal.
  1792 | D:3      | Reached XP level 4. HP: 38/38 MP: 4/4
  1968 | D:3      | Found a faded altar of an unknown god.
  2378 | D:4      | Noticed Gruesome's ghost (novice OpAs)
  2488 | D:4      | Noticed Dowan
  2499 | D:4      | Noticed Eustachio
  2501 | D:4      | Noticed Duvessa
  2521 | D:4      | Reached XP level 5. HP: 43/45 MP: 5/5
  2534 | D:4      | Killed Dowan
  2534 | D:4      | Reached skill level 4 in Long Blades
  2589 | D:4      | Reached XP level 6. HP: 32/51 MP: 6/6
  2652 | D:4      | Killed Gruesome's ghost
  2652 | D:4      | Reached skill level 5 in Long Blades
  2652 | D:4      | Your scales start taking on an icy white colour.
  2652 | D:4      | Reached XP level 7. HP: 57/57 MP: 7/7
  2652 | D:4      | Gained mutation: Your flesh is cold resistant. (rC+) [White Draconian growth]
  2792 | D:4      | Killed Eustachio
  2792 | D:4      | Reached skill level 5 in Dodging
  2912 | D:4      | Killed Duvessa
  3060 | D:5      | Entered Level 5 of the Dungeon
  3115 | D:5      | Noticed anet's ghost (novice DEWz)
  3509 | D:5      | Noticed Menkaure
  3518 | D:5      | Killed Menkaure
  3712 | D:5      | Killed anet's ghost
  3712 | D:5      | Reached skill level 6 in Long Blades
  3712 | D:5      | Reached skill level 5 in Throwing
  3712 | D:5      | Reached XP level 8. HP: 40/63 MP: 8/8
  4460 | D:6      | Found a burning altar of Makhleb.
  4690 | D:6      | Reached skill level 7 in Long Blades
  4851 | D:7      | Reached XP level 9. HP: 54/70 MP: 9/9
  4977 | D:7      | Found a staircase to the Ecumenical Temple.
  4983 | Temple   | Entered the Ecumenical Temple
  5009 | Temple   | Became a worshipper of Cheibriados the Contemplative
  5009 | Temple   | Reached * piety under Cheibriados
  5009 | Temple   | Reached ** piety under Cheibriados
  5028 | D:7      | Learned a level 2 spell: Blink
  5483 | D:7      | Found Anubobaono's Antique Weapon Shop.
  5517 | D:7      | Bought a runed long sword for 266 gold pieces
  5545 | D:7      | Noticed Joseph
  5554 | D:7      | Killed Joseph
  5860 | D:8      | Reached skill level 8 in Long Blades
  6393 | D:8      | Reached *** piety under Cheibriados
  6454 | D:8      | Learned a level 2 spell: Repel Missiles
  6470 | D:8      | Found an opulent altar of Gozag.
  6564 | D:8      | Found a radiant altar of Vehumet.
  6794 | D:8      | Reached skill level 1 in Invocations
  6888 | D:9      | Noticed Erolcha
  6897 | D:9      | Killed Erolcha
  6897 | D:9      | Reached XP level 10. HP: 61/77 MP: 10/12
  6936 | D:9      | Reached **** piety under Cheibriados
  6944 | D:9      | Reached skill level 9 in Long Blades
  6965 | D:9      | HP: 3/77 [ogre/giant spiked club (22)]
  7735 | D:9      | Reached ***** piety under Cheibriados
  7867 | D:10     | Entered Level 10 of the Dungeon
  7892 | D:10     | Found Siwn's Antique Weapon Shop.
  8087 | D:10     | Gained mutation: You have large cloven feet. [mutagenic meat]
  8088 | D:10     | Gained mutation: Your skin changes colour to match your surroundings (Stealth+). [mutagenic meat]
  8089 | D:10     | Gained mutation: You are occasionally teleported next to monsters. [mutagenic meat]
  8090 | D:10     | Gained mutation: Your body sometimes deteriorates upon taking damage. [mutagenic meat]
  8090 | D:10     | Gained mutation: You can translocate small distances at will. [potion of mutation]
  8090 | D:10     | Gained mutation: You are robust. (+10% HP) [potion of mutation]
  8091 | D:10     | Lost mutation: You are robust. (+10% HP) [potion of mutation]
  8091 | D:10     | Gained mutation: Your system is resistant to poisons. (rPois) [potion of mutation]
  8580 | D:11     | Noticed a death yak
  8581 | D:11     | Noticed a death yak
  8581 | D:11     | Noticed a death yak
  8582 | D:11     | Noticed a death yak
  8583 | D:11     | Noticed a death yak
  8583 | D:11     | Noticed a death yak
  8583 | D:11     | Found a staircase to the Lair.
  8609 | D:10     | Killed a death yak
  8609 | D:10     | Reached skill level 1 in Shields
  8609 | D:10     | Reached skill level 1 in Spellcasting
  8609 | D:10     | Reached XP level 11. HP: 46/82 MP: 14/14
  8838 | D:11     | Noticed Snorg
  9071 | D:11     | Reached skill level 10 in Long Blades
  9420 | D:11     | Killed Snorg
  9584 | Lair:1   | Entered Level 1 of the Lair of Beasts
 10431 | Lair:2   | Reached ****** piety under Cheibriados
 10612 | Lair:2   | Reached skill level 5 in Shields
 10862 | Lair:2   | Found a staircase to the Snake Pit.
 10941 | Lair:2   | Reached skill level 10 in Throwing
 10947 | Lair:2   | Reached XP level 12. HP: 81/89 MP: 18/18
 11030 | Lair:3   | Reached skill level 1 in Evocations
 11054 | Lair:3   | Noticed Nergalle
 11074 | Lair:3   | Killed Nergalle
 11083 | Lair:3   | Reached skill level 11 in Long Blades
 11180 | Lair:3   | Found a staircase to the Shoals.
 11270 | Lair:3   | Noticed a four-headed hydra
 11277 | Lair:3   | Killed an eight-headed hydra
 11277 | Lair:3   | Reached skill level 1 in Translocations
 11994 | Lair:4   | Found a labyrinth entrance.
 12025 | Lab      | Entered a labyrinth
 12568 | Lab      | Noticed a minotaur
 12575 | Lab      | Killed a minotaur
 12583 | Lab      | Got a scorched scythe {freeze}
 13258 | Lair:5   | Reached skill level 1 in Charms
 13443 | Lair:5   | Noticed an eight-headed hydra
 13452 | Lair:5   | Killed a ten-headed hydra
 13474 | Lair:5   | Reached skill level 5 in Evocations
 13579 | Lair:5   | Noticed a six-headed hydra
 13583 | Lair:5   | Killed a six-headed hydra
 13583 | Lair:5   | Reached XP level 13. HP: 94/94 MP: 19/19
 13962 | Lair:5   | You fall through a shaft!
 13962 | Lair:6   | Entered Level 6 of the Lair of Beasts
 13969 | Lair:6   | Found a staircase to the Slime Pits.
 14013 | Lair:6   | Reached skill level 12 in Long Blades
 14249 | Lair:6   | Found a shadowy altar of Dithmenos.
 14442 | Lair:6   | Reached skill level 13 in Long Blades
 14564 | Lair:6   | Noticed Nessos
 14570 | Lair:6   | Killed Nessos
 14618 | Lair:6   | Reached skill level 5 in Charms
 14705 | Lair:6   | Reached skill level 1 in Air Magic
 15825 | D:11     | Found a staircase to the Orcish Mines.
 15930 | D:11     | Reached skill level 14 in Long Blades
 16280 | D:11     | Reached XP level 14. HP: 87/102 MP: 20/20
 17979 | D:13     | Reached skill level 15 in Long Blades
 17990 | D:13     | Reached skill level 5 in Fighting
 18367 | D:13     | Reached skill level 10 in Evocations
 18536 | D:13     | Found a gate to the Vaults.
 19347 | D:14     | Noticed dvd's ghost (journeyman FeSu)
 19350 | D:14     | Killed dvd's ghost
 19350 | D:14     | Reached skill level 16 in Long Blades
 19350 | D:14     | Reached skill level 5 in Invocations
 19467 | D:14     | Found a glowing silver altar of Zin.
 19469 | D:14     | Noticed an angel
 19512 | D:15     | Entered Level 15 of the Dungeon
 19552 | D:14     | Lost mutation: Your body sometimes deteriorates upon taking damage. [mutagenic meat]
 19553 | D:14     | Gained mutation: Your muscles are strong. (Str +2) [mutagenic meat]
 19555 | D:14     | Lost mutation: Your muscles are strong. (Str +2) [mutagenic meat]
 19556 | D:14     | Gained mutation: You have a pair of small antennae on your head. [mutagenic meat]
 19760 | D:15     | Noticed Graouh's ghost (journeyman MiFi)
 19775 | D:15     | Killed Graouh's ghost
 19871 | D:15     | Reached XP level 15. HP: 109/115 MP: 23/23
 19921 | D:15     | Found a staircase to the Depths.
 20645 | Depths:1 | Entered Level 1 of the Depths
 20879 | Orc:1    | Entered Level 1 of the Orcish Mines
 20882 | Orc:1    | Noticed an orc warlord
 20909 | Orc:1    | Killed an orc warlord
 21229 | Orc:2    | Entered Level 2 of the Orcish Mines
 21260 | Orc:2    | Found a staircase to the Elven Halls.
 21724 | Orc:2    | Noticed an orc warlord
 21729 | Orc:2    | Killed from afar by an orc warrior

Vault maps used:
D:1:      eino_arrival_cavern_a
D:2:      fedhas_altar_4, xom_redecorated
D:3:      wad_pebble_path, nicolae_overflow_crystal_walls,
          chequers_ecumenical_altar_simple
D:4:      first_bread, uniq_duvessa, uniq_eustachio
D:5:      uniq_menkaure
D:6:      cheibrodos_iron_armory, old_standard_altar
D:7:      serial_shops, nicolae_shop_overgrown_old_shop, serial_bayou_ford_a,
          uniq_joseph
D:8:      fiery_altar_vehumet, grunt_gozag_statues
D:9:      david_nohive_1, uniq_erolcha
D:10:     kennysheep_small_circle
D:11:     dpeg_lair_monsters, orc_0_dummy, uniq_snorg
D:13:     grunt_vaults_entry_fortified
D:14:     zin_angel
D:15:     gammafunk_enter_depths_forms
Temple:   lightli_temple_of_artemis
Lair:1:   serial_bayou_pond_d
Lair:2:   dummy_snake_entry, minivault_11, minivault_23, lemuel_fruit_fields
Lair:3:   minmay_shoals_entry_centaurs, cheibrodos_lair_lostbears, uniq_nergalle
Lair:4:   lab_entry_generic, infiniplex_staircase_pool_2, grunt_megastairs_5,
          lemuel_fruit_fields
Lair:5:   nicolae_quartered_pool_medium, minivault_24,
          grunt_forest_small_clearings, minmay_stone_trees_small,
          grunt_megastairs_3, minmay_lair_oklob_chamber
Lair:6:   minmay_lair_end_frog_pond, slime_dummy, basic_altar, uniq_nessos
Orc:1:    basic_altar
Orc:2:    grunt_orc_community_town_hall, grunt_orc_community_big_house_1,
          grunt_orc_community_big_house_2, grunt_orc_community_house_1,
          grunt_orc_community_house_1, grunt_orc_community_house_1,
          grunt_orc_community_house_2
Depths:1: enter_ziggurat_c, hell_entry, kennysheep_nondescript,
          serial_bayou_pond_a, minmay_holes, laboratory, uniq_enchantress,
          uniq_nikola
Lab:      labyrinth_watery, nicolae_lab_checkerboard, labyrinth_fake_exit

Skill      XL: |  1  2  3  4  5  6  7  8  9 10 11 12 13 14 15 |
---------------+----------------------------------------------+-----
Dodging        | 3 4 6 8 9 |  9.1
Throwing       | 1 2 3 5 6 7 8 10 | 10.2
Long Blades    | 4 5 6 7 8 9 10 11 14 16 | 16.9
Invocations    | 2 4 6 7 |  7.5
Shields        | 1 5 8 |  8.5
Spellcasting   | 1 4 |  4.6
Evocations     | 5 8 10 11 | 11.4
Translocations | 3 |  3.1
Charms         | 2 5 |  5.0
Air Magic      | 3 4 |  4.4
Fighting       | 6 |  6.1
Stealth        | |  1.7

Action                   |  1- 3 |  4- 6 |  7- 9 | 10-12 | 13-15 || total
-------------------------+-------+-------+-------+-------+-------++-------
Melee: Falchion          |   117 |    61 |    30 |       |       ||   208
       Tailslap          |    14 |     6 |    55 |   139 |   299 ||   513
       Long sword        |       |       |   263 |   521 |   901 ||  1685
Throw: Javelin           |       |     1 |     5 |    11 |    24 ||    41
 Cast: Blink             |       |       |       |       |     1 ||     1
       Repel Missiles    |       |       |       |       |     1 ||     1
 Abil: Breathe Frost     |       |       |     2 |     2 |     3 ||     7
Evoke: Wand              |       |       |       |     8 |       ||     8
       Sack of spiders   |       |       |       |     4 |     2 ||     6
  Use: Scroll            |     3 |     6 |     7 |    22 |    10 ||    48
       Potion            |       |     1 |       |     7 |     4 ||    12
 Stab: Sleeping          |     4 |       |     1 |    15 |    18 ||    38
       Distracted        |     1 |       |     1 |     1 |     1 ||     4
       Held in net/web   |       |       |       |       |     1 ||     1
  Eat: Chunk             |     1 |     2 |     2 |     4 |    11 ||    20
       Beef jerky        |     1 |     1 |     1 |     1 |     1 ||     5
       Fruit             |       |       |     2 |     1 |       ||     3
       Bread ration      |       |       |     1 |       |       ||     1
       Pizza             |       |       |     1 |     1 |       ||     2
       Royal jelly       |       |       |       |     2 |       ||     2
       Meat ration       |       |       |       |     1 |     2 ||     3
Armor: Skin              |    26 |    17 |    74 |   113 |   141 ||   371
Dodge: Dodged            |   102 |    53 |   308 |   568 |   755 ||  1786
       Deflected         |       |       |       |       |     9 ||     9
Block: Other             |       |       |    36 |    14 |       ||    50
       Reflection        |       |       |     1 |     6 |    33 ||    40
       Buckler           |       |       |       |   377 |   683 ||  1060
       Rpst.: Falchion   |    36 |    16 |    17 |       |       ||    69
       Long sword        |       |       |    72 |   124 |   191 ||   387
